3AAA
ALASKAN HUMPBACKS @ HAMILTON COYOTES
08/19/2034
 
TOP OF THE 1ST
Alaskan Humpbacks batting - Pitching for Hamilton Coyotes : LHP Norberto Rodríguez
Pitching: LHP Norberto Rodríguez
Batting: LHB Dallas Ihde 0-0: Ball
1-0: Foul Ball, location: 2F
1-1: Called Strike
1-2: Ball
2-2: Ground out U3 (Groundball, 23)
Batting: LHB Craig Morgan 0-0: Foul Ball, location: 2F
0-1: Ground out 4-3 (Groundball, 4)
Batting: RHB Sigi Lang 0-0: Ball
1-0: Ball
2-0: Called Strike
2-1: Ball
3-1: Base on Balls
Batting: RHB Jimbob Ghostkeeper 0-0: Ball
1-0: Called Strike
1-1: Foul Ball, location: 2F
1-2: Ball
2-2: Ball
3-2: SINGLE (Line Drive, 7LS)
Sigi Lang to second
Sigi Lang to third
Batting: LHB Gabriel Amezquita 0-0: Ball
1-0: Foul Ball, location: 2F
1-1: Foul Ball, location: 2F
1-2: Ball
2-2: Strikes out swinging
Top of the 1st over - 0 runs, 1 hit, 0 errors, 2 left on base; Alaskan 0 - Hamilton 0
BOTTOM OF THE 1ST
Hamilton Coyotes batting - Pitching for Alaskan Humpbacks : LHP Brandon Franklin
Pitching: LHP Brandon Franklin
Batting: RHB Pancho Rodríguez 0-0: Swinging Strike
0-1: Swinging Strike
0-2: Ball
1-2: Foul Ball, location: 2F
1-2: Foul Ball, location: 2F
1-2: Strikes out looking
Batting: RHB Duane Wills 0-0: Swinging Strike
0-1: Ball
1-1: Ball
2-1: Ball
3-1: Called Strike
3-2: Foul Ball, location: 2F
3-2: Base on Balls
Batting: LHB Scot Willis 0-0: Ball
1-0: Ball
2-0: Ball
3-0: Base on Balls
Duane Wills to second
Batting: RHB Clarence Neal 0-0: Called Strike
0-1: Foul Ball, location: 2F
0-2: SINGLE (Line Drive, 5L)
Duane Wills to third
Scot Willis to second
Batting: LHB José Gómez 0-0: Ball
1-0: Ball
2-0: Ball
3-0: Called Strike
3-1: Foul Ball, location: 2F
3-2: Foul Ball, location: 2F
3-2: Ground out 4-3 (Groundball, 34D)
Duane Wills scores
Scot Willis to third
Clarence Neal to second
Batting: RHB Vincente Fuentes 0-0: Ground out 6-3 (Groundball, 6)
Bottom of the 1st over - 1 run, 1 hit, 0 errors, 2 left on base; Alaskan 0 - Hamilton 1
TOP OF THE 2ND
Alaskan Humpbacks batting - Pitching for Hamilton Coyotes : LHP Norberto Rodríguez
Batting: RHB Jon Moon 0-0: Foul Ball, location: 2F
0-1: Foul Ball, location: 2F
0-2: Strikes out swinging
Batting: RHB Lee Suárez 0-0: Ball
1-0: Called Strike
1-1: Fly out, F4 (Line Drive, 4MD)
Batting: RHB Luis Oliva 0-0: Called Strike
0-1: Ball
1-1: Fly out, F7 (Line Drive, 78M)
Top of the 2nd over - 0 runs, 0 hits, 0 errors, 0 left on base; Alaskan 0 - Hamilton 1
BOTTOM OF THE 2ND
Hamilton Coyotes batting - Pitching for Alaskan Humpbacks : LHP Brandon Franklin
Batting: SHB Martín Marrero 0-0: Ball
1-0: Ball
2-0: Called Strike
2-1: Fly out, F7 (Flyball, 7)
Batting: RHB Tomás Bermúdez 0-0: Called Strike
0-1: Ball
1-1: Foul Ball, location: 2F
1-2: Foul Ball, location: 2F
1-2: Strikes out swinging
Batting: LHB Tommy Sullivan 0-0: Ground out 6-3 (Groundball, 6)
Bottom of the 2nd over - 0 runs, 0 hits, 0 errors, 0 left on base; Alaskan 0 - Hamilton 1
TOP OF THE 3RD
Alaskan Humpbacks batting - Pitching for Hamilton Coyotes : LHP Norberto Rodríguez
Batting: LHB Felipe Soto 0-0: Called Strike
0-1: Called Strike
0-2: Ball
1-2: Foul Ball, location: 2F
1-2: Ground out 4-3 (Groundball, 4)
Batting: LHB Dallas Ihde 0-0: Ball
1-0: Ball
2-0: Foul Ball, location: 2F
2-1: Ball
3-1: Base on Balls
Batting: LHB Craig Morgan 0-0: Ball
1-0: Ball
2-0: Ball
3-0: Base on Balls
Dallas Ihde to second
Batting: RHB Sigi Lang 0-0: Ball
1-0: Ball
Dallas Ihde steals 3rd base
Craig Morgan to second
2-0: Ball
3-0: Base on Balls
Batting: RHB Jimbob Ghostkeeper 0-0: Called Strike
0-1: Foul Ball, location: 2F
0-2: Ball
1-2: Ball
2-2: GRAND SLAM HOME RUN (Flyball, 9LD), Distance : 340 ft
Batting: LHB Gabriel Amezquita 0-0: Ball
1-0: Fly out, F4 (Popup, 4M)
Batting: RHB Jon Moon 0-0: Ball
1-0: Foul Ball, location: 2F
1-1: SINGLE (Line Drive, 6MD)
Batting: RHB Lee Suárez 0-0: Called Strike
0-1: Ball
1-1: Foul Ball, location: 2F
1-2: Strikes out swinging
Top of the 3rd over - 4 runs, 2 hits, 0 errors, 1 left on base; Alaskan 4 - Hamilton 1
BOTTOM OF THE 3RD
Hamilton Coyotes batting - Pitching for Alaskan Humpbacks : LHP Brandon Franklin
Batting: RHB Pancho Rodríguez 0-0: Ball
1-0: Called Strike
1-1: Ground out 5-3 (Groundball, 56)
Batting: RHB Duane Wills 0-0: Ball
1-0: Foul Ball, location: 2F
1-1: Ball
2-1: Ball
3-1: SINGLE (Groundball, 6MD)
Batting: LHB Scot Willis 0-0: Ball
1-0: Ball
2-0: Grounds into double play, 5-4-3 (Groundball, 5)
Bottom of the 3rd over - 0 runs, 1 hit, 0 errors, 0 left on base; Alaskan 4 - Hamilton 1
TOP OF THE 4TH
Alaskan Humpbacks batting - Pitching for Hamilton Coyotes : LHP Norberto Rodríguez
Batting: RHB Luis Oliva 0-0: Called Strike
0-1: Swinging Strike
0-2: Ball
1-2: Foul Ball, location: 2F
1-2: Strikes out swinging
Batting: LHB Felipe Soto 0-0: Ball
1-0: Ball
2-0: Swinging Strike
2-1: Ball
3-1: Swinging Strike
3-2: Foul Ball, location: 2F
3-2: SINGLE (Line Drive, 56D)
Batting: LHB Dallas Ihde 0-0: Ball
1-0: Ball
2-0: Ball
3-0: Base on Balls
Felipe Soto to second
Batting: LHB Craig Morgan 0-0: Ball
1-0: Foul Ball, location: 2F
1-1: Called Strike
1-2: Hit by Pitch
Felipe Soto to third
Dallas Ihde to second
Batting: RHB Sigi Lang 0-0: Foul Ball, location: 2F
0-1: Foul Ball, location: 2F
0-2: Fly out, F8 (Flyball, 8LD)
Runner from 3rd tags up, SCORES, throw made
Batting: RHB Jimbob Ghostkeeper 0-0: DOUBLE (Line Drive, 78XD)
Dallas Ihde scores
Craig Morgan to third
Runner from 3rd tries for Home, SAFE, no throw
Batting: LHB Gabriel Amezquita 0-0: Called Strike
0-1: Ball
1-1: Called Strike
1-2: Ball
2-2: Ball
3-2: Strikes out swinging
Top of the 4th over - 3 runs, 2 hits, 0 errors, 1 left on base; Alaskan 7 - Hamilton 1
BOTTOM OF THE 4TH
Hamilton Coyotes batting - Pitching for Alaskan Humpbacks : LHP Brandon Franklin
Batting: RHB Clarence Neal 0-0: Ball
1-0: Ball
2-0: Fly out, F9 (Line Drive, 9)
Batting: LHB José Gómez 0-0: Foul Ball, location: 2F
0-1: Swinging Strike
0-2: Ball
1-2: Fly out, F8 (Flyball, 8LD)
Batting: RHB Vincente Fuentes 0-0: Ball
1-0: Fly out, F9 (Flyball, 9LS)
Bottom of the 4th over - 0 runs, 0 hits, 0 errors, 0 left on base; Alaskan 7 - Hamilton 1
TOP OF THE 5TH
Alaskan Humpbacks batting - Pitching for Hamilton Coyotes : LHP Norberto Rodríguez
Pitching: RHP António Rúbio
Batting: RHB Jon Moon 0-0: Ball
1-0: Foul Ball, location: 2F
1-1: Fly out, F7 (Flyball, 78S)
Batting: RHB Lee Suárez 0-0: Ball
1-0: Foul Ball, location: 2F
1-1: Foul Ball, location: 2F
1-2: Ball
2-2: SINGLE (Line Drive, 9LM)
Batting: RHB Luis Oliva 0-0: Ball
1-0: Ball
2-0: Fielders Choice at 2nd, 2-6 (Groundball, 2R)
Batting: LHB Felipe Soto 0-0: Swinging Strike
0-1: Ball
1-1: Ball
2-1: Foul Ball, location: 2F
2-2: Ball
3-2: Base on Balls
Luis Oliva to second
Batting: LHB Dallas Ihde 0-0: Swinging Strike
0-1: Ball
Wild Pitch!
Luis Oliva to third
Felipe Soto to second
1-1: Called Strike
1-2: Strikes out swinging
Top of the 5th over - 0 runs, 1 hit, 0 errors, 2 left on base; Alaskan 7 - Hamilton 1
BOTTOM OF THE 5TH
Hamilton Coyotes batting - Pitching for Alaskan Humpbacks : LHP Brandon Franklin
Batting: SHB Martín Marrero 0-0: Foul Ball, location: 2F
0-1: Ball
1-1: Fly out, F9 (Line Drive, 9)
Batting: RHB Tomás Bermúdez 0-0: Foul Ball, location: 2F
0-1: Called Strike
0-2: Ball
1-2: Ball
2-2: Foul Ball, location: 2F
2-2: SINGLE (Line Drive, 8RS)
Pitching: RHP Ramón Solís
Batting: LHB Tommy Sullivan 0-0: Ball
1-0: SINGLE (Groundball, 6MD)
Tomás Bermúdez to second
Batting: RHB Pancho Rodríguez 0-0: Foul Ball, location: 2F
0-1: Ball
1-1: Called Strike
Tomás Bermúdez steals 3rd base
1-2: Ground out 6-3 (Groundball, 6S)
Tomás Bermúdez scores
Tommy Sullivan to second
Batting: RHB Duane Wills 0-0: Foul Ball, location: 2F
0-1: Foul Ball, location: 2F
0-2: Ground out 4-3 (Groundball, 34D)
Bottom of the 5th over - 1 run, 2 hits, 0 errors, 1 left on base; Alaskan 7 - Hamilton 2
TOP OF THE 6TH
Alaskan Humpbacks batting - Pitching for Hamilton Coyotes : RHP António Rúbio
Batting: LHB Craig Morgan 0-0: Called Strike
0-1: Ball
1-1: Foul Ball, location: 2F
1-2: Ball
2-2: Strikes out swinging
Batting: RHB Sigi Lang 0-0: Ball
1-0: Called Strike
1-1: Ball
2-1: Fly out, F7 (Line Drive, 7)
Batting: RHB Jimbob Ghostkeeper 0-0: Called Strike
0-1: Ground out U3 (Groundball, 23)
Top of the 6th over - 0 runs, 0 hits, 0 errors, 0 left on base; Alaskan 7 - Hamilton 2
BOTTOM OF THE 6TH
Hamilton Coyotes batting - Pitching for Alaskan Humpbacks : RHP Ramón Solís
Batting: LHB Scot Willis 0-0: SOLO HOME RUN (Flyball, 9D), Distance : 350 ft
Batting: RHB Clarence Neal 0-0: Foul Ball, location: 2F
0-1: Ball
1-1: Ball
2-1: Ground out 6-3 (Groundball, 6)
Batting: LHB José Gómez 0-0: Foul Ball, location: 2F
0-1: Swinging Strike
0-2: Foul Ball, location: 2F
0-2: Ball
1-2: Fly out, F8 (Line Drive, 8RM)
Batting: RHB Vincente Fuentes 0-0: SOLO HOME RUN (Flyball, 7LD), Distance : 367 ft
Batting: SHB Martín Marrero 0-0: Called Strike
0-1: Ball
1-1: Swinging Strike
1-2: Foul Ball, location: 2F
1-2: Foul Ball, location: 2F
1-2: Ball
2-2: Foul Ball, location: 2F
2-2: Strikes out looking
Bottom of the 6th over - 2 runs, 2 hits, 0 errors, 0 left on base; Alaskan 7 - Hamilton 4
TOP OF THE 7TH
Alaskan Humpbacks batting - Pitching for Hamilton Coyotes : RHP António Rúbio
Batting: LHB Gabriel Amezquita 0-0: Ground out 4-3 (Groundball, 4)
Batting: RHB Jon Moon 0-0: Ball
1-0: Ball
2-0: Called Strike
2-1: Ground out 6-3 (Groundball, 6)
Batting: RHB Lee Suárez 0-0: Called Strike
0-1: Called Strike
0-2: Foul Ball, location: 2F
0-2: Foul Ball, location: 2F
0-2: Ball
1-2: Strikes out swinging
Top of the 7th over - 0 runs, 0 hits, 0 errors, 0 left on base; Alaskan 7 - Hamilton 4
BOTTOM OF THE 7TH
Hamilton Coyotes batting - Pitching for Alaskan Humpbacks : RHP Ramón Solís
Batting: RHB Tomás Bermúdez 0-0: Ball
1-0: Ball
2-0: Fly out, F9 (Flyball, 9D)
Batting: LHB Tommy Sullivan 0-0: Ball
1-0: Swinging Strike
1-1: Foul Ball, location: 2F
1-2: Strikes out swinging
Batting: RHB Pancho Rodríguez 0-0: Ball
1-0: Swinging Strike
1-1: Ball
2-1: Called Strike
2-2: Ball
3-2: Strikes out swinging
Bottom of the 7th over - 0 runs, 0 hits, 0 errors, 0 left on base; Alaskan 7 - Hamilton 4
TOP OF THE 8TH
Alaskan Humpbacks batting - Pitching for Hamilton Coyotes : RHP António Rúbio
Batting: RHB Luis Oliva 0-0: Ball
1-0: Ball
2-0: Called Strike
2-1: SINGLE (Groundball, 34) (infield hit)
Batting: LHB Felipe Soto 0-0: Ball
1-0: Called Strike
1-1: Ball
2-1: Ball
3-1: SINGLE (Groundball, 4MD)
Luis Oliva to second
Batting: LHB Dallas Ihde 0-0: Called Strike
0-1: Reached on error, E3 (Groundball, 23)
Luis Oliva scores
Felipe Soto to third
Batting: LHB Craig Morgan 0-0: Intentional Walk
Batting: RHB Sigi Lang 0-0: Foul Ball, location: 2F
0-1: Grounds into fielders choice 6-2 (Groundball, 6S)
Dallas Ihde to third
Craig Morgan to second
Batting: RHB Jimbob Ghostkeeper 0-0: Called Strike
0-1: Called Strike
0-2: Ball
1-2: Ball
2-2: Ball
3-2: Base on Balls
Dallas Ihde scores
Craig Morgan to third
Sigi Lang to second
Pitching: RHP Ed Maresh
Batting: LHB Gabriel Amezquita 0-0: Called Strike
0-1: Foul Ball, location: 2F
0-2: Ball
1-2: Grounds into fielders choice 3-2 (Groundball, 3)
Sigi Lang to third
Jimbob Ghostkeeper to second
Batting: RHB Jon Moon 0-0: Ball
1-0: Ball
2-0: Called Strike
2-1: Called Strike
2-2: Ball
3-2: Base on Balls
Sigi Lang scores
Jimbob Ghostkeeper to third
Gabriel Amezquita to second
Batting: RHB Lee Suárez 0-0: Called Strike
0-1: Foul Ball, location: 2F
0-2: Fielders Choice at 2nd, 6-4 (Groundball, 6)
Top of the 8th over - 3 runs, 2 hits, 1 error, 3 left on base; Alaskan 10 - Hamilton 4
BOTTOM OF THE 8TH
Hamilton Coyotes batting - Pitching for Alaskan Humpbacks : RHP Ramón Solís
Batting: RHB Duane Wills 0-0: Ball
1-0: Ball
2-0: Ball
3-0: Called Strike
3-1: SINGLE (Groundball, 5S) (infield hit)
Batting: LHB Scot Willis 0-0: Swinging Strike
0-1: Ball
1-1: Ball
2-1: Foul Ball, location: 2F
2-2: Fly out, F8 (Flyball, 8RS)
Batting: RHB Clarence Neal 0-0: Ball
1-0: Ball
2-0: Called Strike
2-1: DOUBLE (Line Drive, 9LD)
Duane Wills to third
Runner from 3rd tries for Home, SAFE, no throw
Pitching: RHP Raneem Zogby
Batting: LHB José Gómez 0-0: Ball
1-0: Swinging Strike
1-1: Fly out, F8 (Flyball, 8LM)
Batting: RHB Vincente Fuentes 0-0: Ball
1-0: Called Strike
1-1: Foul Ball, location: 2F
1-2: Strikes out looking
Bottom of the 8th over - 1 run, 2 hits, 0 errors, 1 left on base; Alaskan 10 - Hamilton 5
TOP OF THE 9TH
Alaskan Humpbacks batting - Pitching for Hamilton Coyotes : RHP Ed Maresh
Batting: RHB Luis Oliva 0-0: Foul Ball, location: 2F
0-1: Ball
1-1: Called Strike
1-2: Ball
2-2: SINGLE (Groundball, P) (infield hit)
Batting: LHB Felipe Soto 0-0: Ball
1-0: Ball
2-0: Foul Ball, location: 2F
2-1: DOUBLE (Flyball, 78XD)
Luis Oliva to third
Batting: LHB Dallas Ihde 0-0: Ball
1-0: Fly out, F8 (Flyball, 8RM)
Runner from 3rd tags up, SCORES, throw made
Batting: LHB Craig Morgan 0-0: Ball
1-0: Ball
2-0: Ball
3-0: Base on Balls
Batting: RHB Sigi Lang 0-0: Called Strike
0-1: Foul Ball, location: 2F
0-2: Ground out 5-3 (Groundball, 56S)
Felipe Soto to third
Craig Morgan to second
Batting: RHB Jimbob Ghostkeeper 0-0: Foul Ball, location: 2F
0-1: Ball
1-1: Ground out 6-3 (Groundball, 6)
Top of the 9th over - 1 run, 2 hits, 0 errors, 2 left on base; Alaskan 11 - Hamilton 5
BOTTOM OF THE 9TH
Hamilton Coyotes batting - Pitching for Alaskan Humpbacks : RHP Raneem Zogby
Batting: SHB Martín Marrero 0-0: Ball
1-0: Called Strike
1-1: Ball
2-1: Foul Ball, location: 2F
2-2: Fly out, F9 (Flyball, 9D)
Batting: RHB Tomás Bermúdez 0-0: SINGLE (Groundball, 6MD)
Batting: LHB Tommy Sullivan 0-0: Called Strike
0-1: Ball
1-1: Called Strike
1-2: Ball
2-2: Ball
3-2: Fly out, F8 (Flyball, 8RM)
Batting: RHB Pancho Rodríguez 0-0: Ball
1-0: Ball
2-0: Fielders Choice at 2nd, 5-4 (Groundball, 5)
Bottom of the 9th over - 0 runs, 1 hit, 0 errors, 1 left on base; Alaskan 11 - Hamilton 5
Friday, March 29th, 2019 - OOTP Baseball 18.8 Build 76